 Seeded DCSS version 0.29.1-2-gbd0b4ee654 (webtiles) character file.

Game seed: 20221128 (custom seed)

866 kingsuperguy the Cleaver (level 7, -4/62 HPs)
             Began as a Minotaur Berserker on Nov 28, 2022.
             Was a Priest of Trog.
             Slain by Edmund
             ... wielding a +5 vorpal flail
              (9 damage)
             ... on level 4 of the Dungeon.
             The game lasted 00:05:20 (3700 turns).

kingsuperguy the Cleaver (Minotaur Berserker)       Turns: 3700, Time: 00:05:20

Health: -4/62      AC:  7    Str: 24    XL:     7   Next: 72%
Magic:  6/6        EV: 11    Int:  4    God:    Trog [***...]
Gold:   192        SH:  0    Dex:  9    Spells: 6/6 levels left

rFire   . . .      SeeInvis .   a - +0 hand axe
rCold   . . .      Faith    .   (no shield)
rNeg    . . .      Spirit   .   o - +0 scale mail
rPois   .          Reflect  .   (helmet restricted)
rElec   .          Harm     .   (no cloak)
rCorr   .          Rampage  .   (no gloves)
Will    .....                   (no boots)
Stlth   ..........              (no amulet)
HPRegen 0.20/turn               (no ring)
MPRegen 0.10/turn               (no ring)

@: no status effects
A: horns 2, retaliatory headbutt
a: Renounce Religion, Berserk, Trog's Hand


You were on level 4 of the Dungeon.
You worshipped Trog.
Trog was most pleased with you.
You visited 1 branch of the dungeon, and saw 4 of its levels.

You collected 192 gold pieces.

Inventory:

Hand Weapons
 a - a +0 hand axe (weapon)
Missiles
 l - 10 poisoned darts (quivered)
Armour
 b - a +0 animal skin
 o - a +0 scale mail (worn)
Jewellery
 s - an amulet of magic regeneration
Scrolls
 e - 4 scrolls of butterflies {unknown}
 g - a scroll of torment {unknown}
 j - 7 scrolls of identify {unknown}
 k - a scroll of teleportation {unknown}
 m - a scroll of blinking {unknown}
 q - a scroll of magic mapping {unknown}
 t - a scroll of enchant armour {unknown}
Potions
 c - 2 potions of ambrosia {unknown}
 d - a potion of attraction {unknown}
 f - 4 potions of curing {unknown}
 h - a potion of mutation {unknown}
 i - 2 potions of heal wounds {unknown}
 n - a potion of brilliance {unknown}
 p - a potion of flight {unknown}
 r - a potion of cancellation {unknown}


   Skills:
 + Level 5.8 Fighting
 + Level 8.0 Axes
 + Level 4.4 Armour
 + Level 4.1 Dodging
 + Level 1.9 Stealth


You had 6 spell levels left.
You didn't know any spells.
Your spell library was empty.

Dungeon Overview and Level Annotations

Branches:
Dungeon (4/15)
 Temple: D:4-7

Altars:
The Shining One

Annotations:
D:4 Duvessa, Edmund


Innate Abilities, Weirdness & Mutations

You have a pair of horns on your head.
You reflexively headbutt those who attack you in melee.


Message History

There is a stone staircase leading down here.
You start resting.
HP restored.
You climb downwards.
Level annotation: Duvessa, Edmund Edmund hits you with a +5 vorpal flail!
Edmund hits you with a +5 vorpal flail.
There is a stone staircase leading up, spattered with blood here.
You hit Edmund.
Edmund is lightly wounded.
Edmund closely misses you.
You hit Edmund but do no damage.
Edmund is lightly wounded.
You hit Edmund. You headbutt Edmund!
Edmund is heavily wounded.
Edmund barely misses you.
Okay, then.
You hit Edmund.
Edmund is heavily wounded.
Edmund barely misses you. You furiously retaliate!
You headbutt Edmund. You hit Edmund but do no damage.
Edmund is heavily wounded.
Edmund grinds his teeth, and then sighs.
Edmund hits you with a +5 vorpal flail!
You closely miss Edmund. You headbutt Edmund!
Edmund is severely wounded.
Edmund closely misses you.
You barely miss Edmund. You headbutt Edmund.
Edmund is almost dead.
Edmund misses you.
You completely miss Edmund.
Edmund is almost dead.
Edmund hits you with a +5 vorpal flail.
You hit Edmund. You headbutt Edmund.
Edmund is almost dead.
Edmund hits you with a +5 vorpal flail!
* * * LOW HITPOINT WARNING * * *
x2 You hit Edmund but do no damage.
Your headbutt misses Edmund.
Edmund is almost dead.
Edmund hits you with a +5 vorpal flail!
You die...

#.... #..... ......
..!...
......##########
................
........[...####.
#####..@@[.รท......
#.........)[......
#.................
.....)............
.......)..........
..........$.......
.......###..:.....
....... .........
....... .........


You could see Edmund.

Vanquished Creatures
  Pikel (D:4)
  Menkaure (D:4)
  An ice beast (D:3)
  An orc warrior (D:4)
  A hound (D:4)
  A jelly (D:4)
  Jessica (D:2)
  An orc wizard (D:4)
  Robin (D:3)
  4 adders
  2 worms
  3 dart slugs
  An orc (D:4)
  9 ball pythons
  5 bats
  9 endoplasms
  A giant cockroach (D:1)
  9 hobgoblins
  10 jackals
  8 kobolds
  8 quokkas
  A frilled lizard (D:1)
  13 goblins
  5 rats
97 creatures vanquished.

Notes
Turn   | Place    | Note
-------+----------+-------------------------------------------
     0 | D:1      | kingsuperguy the Minotaur Berserker began the quest for the
                  | Orb.
     0 | D:1      | Reached XP level 1. HP: 19/19 MP: 0/0
   166 | D:1      | Found a faded altar of an unknown god.
   402 | D:1      | Reached skill level 4 in Axes
   407 | D:1      | Reached XP level 2. HP: 27/27 MP: 1/1
   830 | D:1      | Reached XP level 3. HP: 33/33 MP: 2/2
  1064 | D:2      | Reached ** piety under Trog
  1198 | D:2      | Noticed Jessica
  1205 | D:2      | Killed Jessica
  1206 | D:2      | Reached XP level 4. HP: 26/41 MP: 3/3
  2379 | D:3      | Reached skill level 1 in Stealth
  2595 | D:3      | Noticed an ice beast
  2601 | D:3      | HP: 3/61 [ice beast (13)]
  2604 | D:3      | Killed an ice beast
  2605 | D:3      | Reached skill level 5 in Fighting
  2605 | D:3      | Reached skill level 5 in Axes
  2605 | D:3      | Reached XP level 5. HP: 4/48 MP: 4/4
  3121 | D:3      | Found a glowing golden altar of the Shining One.
  3121 | D:3      | Noticed Robin
  3127 | D:3      | Reached *** piety under Trog
  3143 | D:3      | Killed Robin
  3428 | D:4      | Noticed an orc warrior
  3433 | D:4      | Noticed Menkaure
  3434 | D:4      | Reached XP level 6. HP: 39/56 MP: 5/5
  3434 | D:4      | Noticed Pikel
  3441 | D:4      | Reached skill level 6 in Axes
  3442 | D:4      | Killed an orc warrior
  3449 | D:4      | Killed Pikel
  3450 | D:4      | Reached skill level 7 in Axes
  3450 | D:4      | Reached XP level 7. HP: 19/62 MP: 6/6
  3450 | D:4      | Killed Menkaure
  3469 | D:4      | Reached skill level 8 in Axes
  3469 | D:4      | Noticed Duvessa
  3582 | D:4      | Noticed Edmund
  3700 | D:4      | Slain by Edmund

Illustrated notes

Levels and vault maps discovered:
D:1:      lightli_arrival_farm, layout_basic,
          shapermc_ecumenical_altar_mp_urbaneastern, minmay_tiny_reverse_x
D:2:      layout_basic, columned_hall_lemuel, minmay_misc_feat_x, uniq_jessica
D:3:      layout_loops_ring, lemuel_round_altar, hangedman_decor_growths,
          uniq_robin
D:4:      minmay_opposing_rooms, layout_rooms, mainiacjoe_overflow_alcove_4,
          mainiacjoe_overflow_tiny_flanked, yredelemnul_altar_generic,
          minmay_fractal_squares_gapless_5, uniq_duvessa, uniq_edmund,
          uniq_menkaure, uniq_pikel

Skill      XL: |  1  2  3  4  5  6  7 |
---------------+----------------------+-----
Axes           | 4 5 7 8 |  8.0
Fighting       | 4 5 |  5.8
Dodging        | 3 4 |  4.1
Stealth        | 1 |  1.9
Armour         | 3 4 |  4.4

Action                   |  1- 3 |  4- 6 |  7- 9 || total
-------------------------+-------+-------+-------++-------
Melee: Hand axe          |    67 |   128 |    13 ||   208
       Headbutt          |     6 |    22 |     5 ||    33
Invok: Berserk           |       |     2 |       ||     2
 Stab: Sleeping          |     3 |       |       ||     3
Armor: Animal skin       |    10 |    11 |       ||    21
       Scale mail        |       |    29 |     2 ||    31
Dodge: Dodged            |    40 |    69 |    11 ||   120
